 Dungeon Crawl Stone Soup version 0.29.1-12-g30fa7ad0bf (webtiles) character file.

Game seed: 11351036348487617264

39 KittyFluff the Trooper (level 3, -3/36 HPs)
             Began as a Gargoyle Berserker on Jan 4, 2023.
             Was a Believer of Trog.
             Slain by an orc
             ... wielding a +0 mace
              (4 damage)
             ... on level 2 of the Dungeon.
             The game lasted 00:05:13 (1355 turns).

KittyFluff the Trooper (Gargoyle Berserker)         Turns: 1355, Time: 00:05:15

Health: -3/36      AC:  5    Str: 20    XL:     3   Next: 47%
Magic:  3/3        EV: 12    Int:  7    God:    Trog [**....]
Gold:   44         SH:  0    Dex: 11    Spells: 2/2 levels left

rFire   . . .      SeeInvis .   a - +0 mace
rCold   . . .      Faith    .   (no shield)
rNeg    + . .      Spirit   .   b - +0 animal skin
rPois   ∞          Reflect  .   (no helmet)
rElec   +          Harm     .   (no cloak)
rCorr   .          Rampage  .   (no gloves)
Will    .....                   (no boots)
Stlth   ..........              (no amulet)
HPRegen 0.12/turn               (no ring)
MPRegen 0.08/turn               (no ring)

@: berserking, very quick
A: sickness immunity, AC +3, negative energy resistance 1, electricity
resistance, torment resistance 1, petrification resistance
a: Renounce Religion, Berserk, Trog's Hand


You were on level 2 of the Dungeon.
You worshipped Trog.
Trog was pleased with you.
You visited 1 branch of the dungeon, and saw 2 of its levels.

You collected 44 gold pieces.

Inventory:

Hand Weapons
 a - a +0 mace (weapon)
Missiles
 c - 6 poisoned darts (quivered)
 e - 3 stones
Armour
 b - a +0 animal skin (worn)
Scrolls
 d - 2 scrolls of identify {unknown}
 f - a scroll of fear {unknown}
 h - a scroll of enchant weapon {unknown}
Potions
 g - 2 potions of mutation {unknown}
 i - 2 potions of brilliance {unknown}


   Skills:
 + Level 3.9 Fighting
 + Level 3.7 Maces & Flails
 + Level 2.3 Armour
 + Level 1.7 Dodging
 + Level 0.1 Stealth


You had 2 spell levels left.
You didn't know any spells.
Your spell library was empty.

Dungeon Overview and Level Annotations

Branches:
Dungeon (2/15)

Altars:


Innate Abilities, Weirdness & Mutations

You are immune to sickness and miasma.
Your stone body is resilient. (AC +3)
You are immune to poison.
You resist negative energy. (rN+)
You are resistant to electric shocks. (rElec)
You are resistant to unholy torment.
You are immune to petrification.


Message History

The hobgoblin shouts!
You hear a shout!
You sock the hobgoblin!
You kill the hobgoblin!
Trog accepts your kill.
You can now call upon Trog for regeneration and willpower.
A goblin comes into view. It is wielding a +0 club.
The goblin shouts!
The goblin moves out of view.
i - 2 coppery potions
d - 2 scrolls labelled SOUSTR HEPNOMI (gained 1)
You now have 44 gold pieces (gained 11).
You hit the goblin.
You kill the goblin!
Trog accepts your kill.
Things that are here:
a +0 club; a goblin corpse
Found a smoky ruby potion.
g - 2 smoky ruby potions (gained 1)
An orc and a rat come into view.
The orc shouts!
An orc priest comes into view. It is wielding a +0 short sword.
The orc hits you with a +0 mace.
You hit the orc.
The orc is lightly wounded.
The orc barely misses you.
You hit the orc but do no damage.
The orc is lightly wounded.
The orc priest mumbles some strange prayers to Beogh against you.
Beogh smites you!
* * * LOW HITPOINT WARNING * * *
An orc comes into view. It is wielding a +0 club.
The orc closely misses you. The orc misses you.
The orc shouts!
A red film seems to cover your vision as you go berserk!
You feel yourself moving faster!
You feel mighty!
The orc priest mumbles some strange prayers to Beogh against you.
Beogh smites you!
* * * LOW HITPOINT WARNING * * *
The orc hits you with a +0 mace.
You die...

.#.# ...# .#
.... . .... ##o
..... #o. .....
#.# ..#.# #r#
....# #o# ....#
#@# ♣♣..#
########.#
♣.#####........#
♣.......########
♣..###### ♣♣♣.##
....# #####


You could see an orc priest, 2 orcs and a rat.

Vanquished Creatures
  4 bats
  3 endoplasms (D:1)
  4 hobgoblins
  2 kobolds
  2 quokkas
  6 ball pythons
  A frilled lizard (D:1)
  9 goblins
  5 rats
36 creatures vanquished.

Notes
Turn   | Place    | Note
-------+----------+-------------------------------------------
     0 | D:1      | KittyFluff the Gargoyle Berserker began the quest for the
                  | Orb.
     0 | D:1      | Reached XP level 1. HP: 14/14 MP: 1/1
   339 | D:1      | Reached XP level 2. HP: 18/19 MP: 2/2
   914 | D:1      | Found a faded altar of an unknown god.
   919 | D:1      | Reached XP level 3. HP: 20/24 MP: 3/3
  1309 | D:2      | Reached ** piety under Trog
  1355 | D:2      | HP: 1/36 [orc priest/divine providence (9)]
  1355 | D:2      | Slain by an orc

Illustrated notes

Levels and vault maps discovered:
D:1:      amcnicky_arrival_blooded_trapdoor, layout_loops_corners,
          shapermc_ecumenical_altar_pompeii, kennysheep_another_room,
          palyth_stone_intersect
D:2:      layout_loops_cross, nrook_campfire, minmay_misc_feat_diagonals

Action                   || total
-------------------------++-------
Melee: Mace              ||    80
Invok: Berserk           ||     1
 Stab: Sleeping          ||     2
Armor: Animal skin       ||    34
Dodge: Dodged            ||    52
